 Dungeon Crawl Stone Soup version 0.32-a0-485-g70f7560b1c (webtiles) character file.

Game seed: 11015764229102032199

2 horus123 the Firebug (level 1, -3/19 HPs)
             Began as a Mountain Dwarf Cinder Acolyte on Feb 27, 2024.
             Was a High Priest of Ignis.
             Slain by a quokka (4 damage)
             ... on level 1 of the Dungeon.
             The game lasted 00:00:17 (84 turns).

horus123 the Firebug (Mountain Dwarf Cinder Acolyte)  Turns: 84, Time: 00:00:18

Health: -3/19      AC:  2    Str: 16    XL:     1   Next: 25%
Magic:  2/2        EV: 11    Int: 14    God:    Ignis [*****.]
Gold:   9          SH:  0    Dex:  5    Spells: 2/2 levels left

rFire   + . .        a - -1 hand axe (flame)
rCold   . . .        (no shield)
rNeg    . . .        b - +0 robe
rPois   .            (no helmet)
rElec   .            (no cloak)
rCorr   .            (no gloves)
SInv    .            (no boots)
Will    .....        (no amulet)
Stlth   +            (no ring)
HPRegen 0.23/turn    (no ring)
MPRegen 0.08/turn

%: no passive effects
@: no status effects
A: runic magic, artefact enchanting
a: Renounce Religion, Fiery Armour, Foxfire Swarm, Rising Flame


You were on level 1 of the Dungeon.
You worshipped Ignis.
Ignis was extremely pleased with you.
You visited 1 branch of the dungeon, and saw 1 of its levels.

You collected 9 gold pieces.

Inventory:

Hand Weapons
 a - a -1 hand axe of flaming (weapon)
Armour
 b - a +0 robe (worn)


   Skills:
 - Level 3.2 Fighting
 - Level 3.6 Axes
 + Level 1.2 Spellcasting
 - Level 3.6 Fire Magic


You had 2 spell levels left.
You didn't know any spells.
Your spell library contained the following spells:

 Spells                   Type           Power      Damage    Failure   Level
 Scorch                   Fire           22%        2d5       9%          2


Dungeon Overview and Level Annotations

Branches:
Dungeon (1/15)

Altars:


Innate Abilities, Weirdness & Mutations

Your spellcasting is much less encumbered by armour.
You can use scrolls of enchantment on lesser artefacts.


Message History

The quokka barely misses you.
You hit the quokka but do no damage. The quokka closely misses you.
The quokka bites you but does no damage.
You closely miss the quokka. You hit the jackal. You burn the jackal.
The jackal bites you. The quokka misses you. The jackal closely misses you.
You barely miss the jackal.
The jackal is severely wounded.
You closely miss the quokka. The quokka bites you. The jackal bites you.
You barely miss the jackal.
The jackal is severely wounded.
You hit the quokka. You burn the quokka. The quokka bites you.
The jackal barely misses you. The quokka barely misses you.
The jackal barely misses you.
You barely miss the quokka.
The quokka is severely wounded.
You barely miss the jackal. The jackal barely misses you.
The quokka closely misses you.
You closely miss the quokka.
The quokka is severely wounded.
You hit the dart slug but do no damage. You hit the jackal but do no damage.
The jackal closely misses you. The quokka bites you.
The dart slug launches a dart at you. The slug dart hits you.
* * * LOW HITPOINT WARNING * * *
The jackal bites you.
* * * LOW HITPOINT WARNING * * *
You barely miss the quokka.
The quokka is severely wounded.
You hit the jackal. You burn the jackal.
You kill the jackal!
You hit the dart slug. You burn the dart slug. The quokka bites you.
* * * LOW HITPOINT WARNING * * *
The quokka bites you but does no damage.
The dart slug bites you but does no damage.
You aren't carrying any potions.
You slash the dart slug! You burn the dart slug.
You kill the dart slug!
You closely miss the quokka. The quokka bites you.
You die...
Ignis goes out, and joins you in death.

............#...
................ ...
...........###.#....
...........###+#....
...................#
....................
................#...
....................
....##.....@†.......
... #.....r........
+..............
#..............
##.............
..............
...............
.............##


You could see a quokka.

Vanquished Creatures
  A dart slug (D:1)
  A jackal (D:1)
  A frilled lizard (D:1)
3 creatures vanquished.

Notes
Turn   | Place    | Note
-------+----------+-------------------------------------------
     0 | D:1      | horus123 the Mountain Dwarf Cinder Acolyte began the quest
                  | for the Orb.
     0 | D:1      | Reached XP level 1. HP: 19/19 MP: 2/2
    84 | D:1      | Slain by a quokka

Illustrated notes

Levels and vault maps discovered:
D:1:      dpeg_arrival_rooms_c, layout_basic, minmay_rat_gold_closets

Action                     || total
---------------------------++-------
  Melee: Hand axe          ||    14
 Armour: Robe              ||    15
  Dodge: Dodged            ||    13

Table legend: (Time is in decaauts)
 A = Elapsed time spent in this place.
 B = Non-inter-level travel time spent in this place.
 C = Inter-level travel time spent in this place.
 D = Time resting spent in this place.
 E = Time spent auto-exploring this place.
 F = Levels seen in this place.
 G = Mean time per level.
                   A        B        C        D        E       F      G
               +--------+--------+--------+--------+--------+-----+--------+
         Total |     85 |     85 |      0 |      0 |     64 |   1 |   85.0 |
       Dungeon |     85 |     85 |      0 |      0 |     64 |   1 |   85.0 |
               +--------+--------+--------+--------+--------+-----+--------+

Top non-repeatable levels by time:
     D:1: 85 daAuts
